 Dungeon Crawl Stone Soup version 0.30-a0-297-g0ec75d9ef4 (webtiles) character file.

Game seed: 15651540242251441387

168 lunkers the Digger (level 6, -4/45 HPs)
             Began as a Meteoran Earth Elementalist on Oct 19, 2022.
             Was a Believer of Qazlal.
             Killed by nerve-wracking pain
             ... invoked by an orc priest
              (12 damage)
             ... on level 4 of the Dungeon on Oct 20, 2022.
             The game lasted 00:02:58 (1243 turns).

lunkers the Digger (Meteoran Earth Elementalist)    Turns: 1243, Time: 00:02:59

Health: -4/45      AC:  2    Str:  9    XL:     6   Next: 6%
Magic:  9/13       EV: 12    Int: 25    God:    Qazlal [**....]
Gold:   159        SH:  2    Dex: 15    Spells: 12/13 levels left

rFire   . . .      SeeInvis .    (no weapon)
rCold   . . .      Faith    .    (no shield)
rNeg    . . .      Spirit   .    a - +0 robe
rPois   .          Reflect  .    (no helmet)
rElec   .          Harm     .    (no cloak)
rCorr   .          Rampage  .    (no gloves)
Will    .....                    (no boots)
Stlth   +.........               (no amulet)
HPRegen 0.27/turn                n - +6 ring of intelligence
MPRegen 0.13/turn                (no ring)

@: glowing
A: sense surroundings 1, otherworldly, glowing, explore regen
a: Renounce Religion, Upheaval


You were on level 4 of the Dungeon.
You worshipped Qazlal.
Qazlal was pleased with you.
You visited 1 branch of the dungeon, and saw 4 of its levels.

You collected 159 gold pieces.

Inventory:

Armour
 a - a +0 robe (worn)
Jewellery
 n - a +6 ring of intelligence (left hand)
Scrolls
 c - a scroll of noise {unknown}
 e - a scroll of fog {unknown}
 f - 2 scrolls of immolation {unknown}
 g - a scroll of magic mapping {unknown}
 h - a scroll of teleportation {unknown}
 i - a scroll of identify {unknown}
 j - a scroll of enchant weapon {unknown}
 k - a scroll of fear {unknown}
 l - a scroll of poison {unknown}
 m - a scroll of silence {unknown}
Potions
 b - 2 potions of magic
 d - 2 potions of degeneration {unknown}
 o - 2 potions of curing {unknown}


   Skills:
 - Level 2.4 Dodging
 - Level 1.4 Stealth
 + Level 4.4 Spellcasting
 - Level 1.2 Transmutations
 * Level 6.3 Earth Magic


You had 12 spell levels left.
You knew the following spells:

 Your Spells              Type           Power      Damage    Failure   Level
a - Sandblast             Erth           74%        2d16      1%          1

Your spell library contained the following spells:

 Spells                   Type           Power      Damage    Failure   Level
 Passwall                 Tmut/Erth      20%        N/A       2%          2
 Stone Arrow              Conj/Erth      42%        3d9       7%          3
 Petrify                  Tmut/Erth      24%        N/A       19%         4


Dungeon Overview and Level Annotations

Branches:
Dungeon (4/15) Zot: 1120
 Temple: D:4-7

Altars:
Cheibriados
Elyvilon
Qazlal

Annotations:
D:4 1 runed translucent door, NinjaNoafa's ghost, weakling GnDe


Innate Abilities, Weirdness & Mutations

You passively map a small area around you.
You are easily found by Zot.
You glow in the dark.
You regain HP and MP as you explore.


Message History

Aiming: Sandblast (safe; 1% risk of failure)
Press: ? - help, Q - select action, (/) - cycle Shift-Dir - straight line, f/p - Grinder
Aim: Grinder (lightly wounded, strong, 82% to hit)
The blast of sand hits Grinder!
Grinder is moderately wounded.
Grinder says, "Just stop there for a second..."
Grinder gestures at you.
You suddenly lose the ability to move!
An orc priest comes into view. It is wielding a +0 mace.
The orc priest shouts!
Grinder hits you! Grinder hits you!
* * * LOW HITPOINT WARNING * * *
You writhe in agony.
* * * LOW HITPOINT WARNING * * *
You can move again.
Unknown command.
Unknown command.
Aiming: Sandblast (safe; 1% risk of failure)
Press: ? - help, Q - select action, (/) - cycle Shift-Dir - straight line, f/p - Grinder
Aim: Grinder (moderately wounded, strong, 82% to hit)
The blast of sand hits Grinder!!
Grinder is severely wounded.
Grinder says, "My boss said I was rubbish.
His entrails said otherwise."
Grinder hits you.
* * * LOW HITPOINT WARNING * * *
You writhe in agony.
* * * LOW HITPOINT WARNING * * *
Unknown command.
Aiming: Sandblast (safe; 1% risk of failure)
Press: ? - help, Q - select action, (/) - cycle Shift-Dir - straight line, f/p - Grinder
Aim: Grinder (severely wounded, strong, 82% to hit)
The blast of sand hits Grinder!
You kill Grinder!
Qazlal accepts your kill.
The orc priest calls down the wrath of Beogh upon you.
You struggle to resist.
The orc priest calls down the wrath of Beogh upon you.
Pain shoots through your body!
You die...

,8
#........#$#....#.....
**
#........#~#......#.###
*
#.#......###..........#
*,...#...#####....#.# ,
........###..#...#* >
#....#..##..###... *
#....#..o....# ..
,..##..#ยง...#.........
.......@.#....#....##*
,...##..#.#...#####...
,, ##.......# ##. ,
###.....# , , ...#...#
, * *.###...# *,*
#....# .... , , *


You could see an orc priest.

Vanquished Creatures
  Grinder (D:4)
  An iron imp (D:3)
  Jessica (D:3)
  An orc wizard (D:3)
  4 adders
  2 dart slugs
  2 orcs (D:3)
  4 endoplasms
  2 giant cockroaches
  5 goblins
  9 hobgoblins
  A quokka (D:2)
  2 ball pythons
  4 bats
  3 frilled lizards
  6 kobolds
  2 rats (D:2)
50 creatures vanquished.

Notes
Turn   | Place    | Note
-------+----------+-------------------------------------------
     0 | D:1      | lunkers the Meteoran Earth Elementalist began the quest for
                  | the Orb.
     0 | D:1      | Reached XP level 1. HP: 14/14 MP: 5/5
   172 | D:1      | Reached XP level 2. HP: 20/20 MP: 3/6
   173 | D:1      | Reached skill level 4 in Earth Magic
   390 | D:2      | Found a faded altar of an unknown god.
   396 | D:2      | Prayed at the altar of an unknown god.
   396 | D:2      | Became a worshipper of Qazlal Stormbringer
   396 | D:2      | Reached * piety under Qazlal
   439 | D:2      | Reached XP level 3. HP: 26/26 MP: 6/8
   906 | D:3      | Reached skill level 5 in Earth Magic
   906 | D:3      | Reached XP level 4. HP: 33/33 MP: 6/10
   918 | D:3      | Found a stormy altar of Qazlal.
   932 | D:3      | Found a snail-covered altar of Cheibriados.
   937 | D:3      | Reached XP level 5. HP: 38/38 MP: 9/11
   973 | D:3      | Reached ** piety under Qazlal
  1034 | D:3      | Reached skill level 6 in Earth Magic
  1084 | D:3      | Noticed Jessica
  1085 | D:3      | Killed Jessica
  1086 | D:3      | Reached XP level 6. HP: 45/45 MP: 10/13
  1087 | D:3      | Found a white marble altar of Elyvilon.
  1161 | D:4      | Found a runed translucent door.
  1205 | D:4      | Noticed NinjaNoafa's ghost (weakling GnDe)
  1232 | D:4      | Noticed Grinder
  1234 | D:4      | Paralysed by Grinder for 3 turns
  1239 | D:4      | Paralysed by Grinder for 3 turns
  1243 | D:4      | Killed Grinder
  1243 | D:4      | Killed from afar by an orc priest

Illustrated notes

Levels and vault maps discovered:
D:1:      dpeg_arrival_shrine, layout_basic
D:2:      layout_basic, shapermc_ecumenical_altar_pompeii
D:3:      layout_loops_ring, mainiacjoe_overflow_boulevard, slow_altar_1,
          mainiacjoe_overflow_large_starburst, uniq_jessica
D:4:      layout_rooms, mainiacjoe_overflow_chevrons,
          mainiacjoe_overflow_tiny_flanked, led_sif_book,
          cheibrodos_sewer_entry_bend, ebering_ghost_sewer_d, uniq_grinder

Skill      XL: |  1  2  3  4  5 |
---------------+----------------+-----
Earth Magic    | 4 5 6 |  6.3
Spellcasting   | 3 4 |  4.4
Dodging        | |  2.4
Stealth        | |  1.4
Transmutations | |  1.2

Action                   |  1- 3 |  4- 6 || total
-------------------------+-------+-------++-------
Melee: Unarmed           |     1 |       ||     1
 Cast: Sandblast         |    41 |    32 ||    73
Armor: Robe              |     4 |     1 ||     5
Dodge: Dodged            |    17 |     1 ||    18
Block: Other             |     1 |       ||     1

Table legend: (Time is in decaauts)
 A = Elapsed time spent in this place.
 B = Non-inter-level travel time spent in this place.
 C = Inter-level travel time spent in this place.
 D = Time resting spent in this place.
 E = Time spent auto-exploring this place.
 F = Levels seen in this place.
 G = Mean time per level.
                   A        B        C        D        E       F      G
               +--------+--------+--------+--------+--------+-----+--------+
         Total |   1278 |   1235 |     43 |      0 |    949 |   4 |  319.5 |
       Dungeon |   1278 |   1235 |     43 |      0 |    949 |   4 |  319.5 |
               +--------+--------+--------+--------+--------+-----+--------+

Top non-repeatable levels by time:
     D:2: 479 daAuts
     D:1: 352 daAuts
     D:3: 308 daAuts
     D:4: 138 daAuts
